 Dungeon Crawl Stone Soup version 0.31-a0-142-g31f6795574 (webtiles) character file.

Game seed: 11365503223717153305

30 marky1606 the Trooper (level 3, -1/29 HPs)
             Began as a Demonspawn Monk on June 3, 2023.
             Killed from afar by Natasha (9 damage)
             ... with a magic dart
             ... on level 2 of the Dungeon.
             The game lasted 00:07:56 (1347 turns).

marky1606 the Trooper (Demonspawn Monk)             Turns: 1347, Time: 00:07:56

Health: -1/29      AC:  2    Str: 11    XL:     3   Next: 3%
Magic:  3/3        EV: 13    Int: 11    God:
Gold:   79         SH:  0    Dex: 19    Spells: 2/2 levels left

rFire   . .          .
                       - Unarmed
rCold   . . .        c - orb {light}
rNeg    . . .        a - +0 robe
rPois   .            (no helmet)
rElec   .            (no cloak)
rCorr   .            (no gloves)
SInv    +            (no boots)
Will    +....        (no amulet)
Stlth   +            d - ring of see invisible
HPRegen 0.24/turn    j - ring of willpower
MPRegen 0.08/turn

%: no passive effects
@: glowing
A: thin skeletal structure 1
a: no special abilities


You were on level 2 of the Dungeon.
You visited 1 branch of the dungeon, and saw 2 of its levels.

You collected 79 gold pieces.

Inventory:

Armour
 a - a +0 robe (worn)
 c - an orb of light (worn)
Jewellery
 d - a ring of see invisible (left hand)
 j - a ring of willpower (right hand)
Scrolls
 e - a scroll of enchant armour {unknown}
 f - 3 scrolls of fear {unknown}
 g - a scroll of silence {unknown}
 i - a scroll of identify {unknown}
Potions
 b - a potion of ambrosia
 h - a potion of attraction {unknown}
 k - a potion of heal wounds {unknown}
 l - a potion of curing {unknown}


   Skills:
 + Level 3.3 Fighting
 * Level 3.1 Dodging
 + Level 3.1 Unarmed Combat


You had 2 spell levels left.
You didn't know any spells.
Your spell library was empty.

Dungeon Overview and Level Annotations

Branches:
Dungeon (2/15)

Altars:

Annotations:
D:2 Natasha


Innate Abilities, Weirdness & Mutations

You have a somewhat thin skeletal structure. (Dex +2, Stealth+)


Message History

You feel agile. x2
You open the door.
There is an open door here.
There is an open door here.
A quokka comes into view.
You barely miss the quokka. The quokka closely misses you.
You barely miss the quokka. The quokka bites you. x2
You barely miss the quokka. The quokka misses you.
You hit the quokka.
The quokka is heavily wounded.
The quokka closely misses you.
You hit the quokka.
You kill the quokka!
You start resting.
HP restored.
There is an open door here.
You open the door.
There is an open door here.
There is an open door here.
There is a stone staircase leading down here.
You climb downwards.
There is a stone staircase leading up here.
Natasha is nearby!
Natasha is nearby!
Natasha hisses angrily.
You barely miss Natasha.
Natasha stares at you and mumbles some strange words.
The magic dart hits you!
You hit Natasha but do no damage. Natasha claws you.
Natasha attacks as you move away! Natasha closely misses you.
Natasha attacks as you move away! Natasha claws you!
Natasha casts a spell at you. You resist with almost no effort.
Natasha claws you.
* * * LOW HITPOINT WARNING * * *
There is a stone staircase leading up here.
You completely miss Natasha.
Natasha stares at you and mumbles some strange words.
The magic dart hits you!
You die...

##### ....# ...
##....# ...
#.....# ...
#.....##
#.######@.....#+
#......h........
#........##.#...
#...............
#......#........
#......#.#####..
#......#.# .
#......+.#
........###


You could see Natasha.

Vanquished Creatures
  2 dart slugs (D:1)
  An endoplasm (D:1)
  3 giant cockroaches (D:1)
  2 hobgoblins (D:1)
  2 jackals (D:1)
  A kobold (D:1)
  3 quokkas (D:1)
  3 ball pythons (D:1)
  3 bats (D:1)
  A frilled lizard (D:1)
  A goblin (D:1)
22 creatures vanquished.

Notes
Turn   | Place    | Note
-------+----------+-------------------------------------------
     0 | D:1      | marky1606 the Demonspawn Monk began the quest for the Orb.
     0 | D:1      | Reached XP level 1. HP: 18/18 MP: 1/1
   281 | D:1      | Gained mutation: You have a somewhat thin skeletal
                  | structure. (Dex +2, Stealth+) [demonic ancestry]
   281 | D:1      | Reached XP level 2. HP: 23/24 MP: 2/2
  1123 | D:1      | Reached XP level 3. HP: 26/29 MP: 3/3
  1335 | D:2      | Noticed Natasha
  1347 | D:2      | Killed from afar by Natasha

Illustrated notes

Levels and vault maps discovered:
D:1:      zelgadis_glass_arrival_large, layout_loops_corners
D:2:      layout_basic, roderic_roman_lattice, uniq_jessica, uniq_natasha

Skill      XL: |  1  2 |
---------------+-------+-----
Unarmed Combat | 3 |  3.1
Dodging        | 3 |  3.1
Fighting       | |  3.3

Action                     || total
---------------------------++-------
  Melee: Unarmed           ||    89
 Armour: Robe              ||    15
  Dodge: Dodged            ||    57

Table legend: (Time is in decaauts)
 A = Elapsed time spent in this place.
 B = Non-inter-level travel time spent in this place.
 C = Inter-level travel time spent in this place.
 D = Time resting spent in this place.
 E = Time spent auto-exploring this place.
 F = Levels seen in this place.
 G = Mean time per level.
                   A        B        C        D        E       F      G
               +--------+--------+--------+--------+--------+-----+--------+
         Total |   1340 |    501 |    839 |     80 |      0 |   2 |  670.0 |
       Dungeon |   1340 |    501 |    839 |     80 |      0 |   2 |  670.0 |
               +--------+--------+--------+--------+--------+-----+--------+

Top non-repeatable levels by time:
     D:1: 1329 daAuts
     D:2: 11 daAuts
